 Dungeon Crawl Stone Soup version 0.31-a0-836-g3ceb0a68c4 (webtiles) character file.

Game seed: 13944642471606438474

96 Kurtz the Chopper (level 4, -3/31 HPs)
             Began as an Octopode Fighter on Sept 26, 2023.
             Slain by a sky beast (6 damage)
             ... on level 3 of the Dungeon.
             The game lasted 00:01:05 (2128 turns).

Kurtz the Chopper (Octopode Fighter)                Turns: 2128, Time: 00:01:06

Health: -3/31      AC:  1    Str: 15    XL:     4   Next: 67%
Magic:  4/4        EV: 13    Int: 10    God:
Gold:   166        SH:  4    Dex: 13    Spells: 3/3 levels left

rFire   . . .        n - +2 whip (holy)
rCold   . . .        b - +0 buckler
rNeg    . . .        (helmet restricted)
rPois   .            (no amulet)
rElec   .            (no ring)
rCorr   .            (no ring)
SInv    .            (no ring)
Will    .....        (no ring)
Stlth   ++           (no ring)
HPRegen 0.25/turn    (no ring)
MPRegen 0.09/turn    (no ring)
                     (no ring)

%: no passive effects
@: no status effects
A: almost no armour, amphibious, 8 rings, camouflage 1, gelatinous body 1,
(nimble swimmer 1), tentacles
a: no special abilities


You were on level 3 of the Dungeon.
You visited 1 branch of the dungeon, and saw 3 of its levels.

You collected 166 gold pieces.

Inventory:

Hand Weapons
 a - a +0 war axe
 n - a +2 whip of holy wrath (weapon)
Missiles
 k - 5 poisoned darts
Armour
 b - a +0 buckler (worn)
Wands
 p - a wand of flame (11)
Scrolls
 d - a scroll of teleportation {unknown}
 e - a scroll of fear {unknown}
 f - a scroll of immolation {unknown}
 g - 2 scrolls of identify {unknown}
 q - a scroll of enchant weapon {unknown}
Potions
 c - a potion of might
 h - a potion of heal wounds {unknown}
 i - a potion of attraction {unknown}
 j - 2 potions of curing {unknown}
 l - a potion of resistance {unknown}
 m - 2 potions of invisibility {unknown}
 o - a potion of lignification {unknown}


   Skills:
 - Level 3.0 Fighting
 * Level 4.7 Axes
 - Level 3.0 Dodging
 - Level 3.0 Shields


You had 3 spell levels left.
You didn't know any spells.
Your spell library was empty.

Dungeon Overview and Level Annotations

Branches:
Dungeon (3/15)

Altars:


Innate Abilities, Weirdness & Mutations

You cannot wear most types of armour.
You are amphibious.
You can wear up to eight rings at the same time.
Your skin changes colour to match your surroundings (Stealth+).
Your rubbery body absorbs attacks. (AC +1, EV +1)
((You are camouflaged when in or above water. (Stealth+)))
You have tentacles for arms and can constrict up to eight enemies at once.


Message History

HP restored.
You open the door.
There is an open door here.
You see here a staff of air.
There is an open door here.
Key pressed, stopping explore.
No target in view!
Key pressed, stopping explore.
No target in view!
No target in view!
You open the door.
There is an open door here.
A sky beast comes into view.
A sky beast is nearby!
The helpless sky beast fails to defend itself.
You hit the sky beast.
The sky beast is moderately wounded.
The sky beast hits you. The sky beast shocks you.
A sky beast is nearby!
You barely miss the sky beast. You squeeze the sky beast!
The sky beast is heavily wounded.
The sky beast hits you. The sky beast shocks you.
A sky beast is nearby!
You are too injured to fight recklessly!
You are too injured to fight recklessly!
You are too injured to fight recklessly!
You are too injured to fight recklessly!
You hit the sky beast.
The sky beast is severely wounded.
The sky beast hits you. The sky beast shocks you.
* * * LOW HITPOINT WARNING * * *
You barely miss the sky beast.
The sky beast is severely wounded.
The sky beast closely misses you.
You closely miss the sky beast.
The sky beast is severely wounded.
The sky beast hits you.
* * * LOW HITPOINT WARNING * * *
The sky beast shocks you.
You die...

.# ##.# #... #..#
#..# #..# #Y.#
#.###
################@.#
#....
..................#
#....
###......#######.##
#.... ..........#
#.# # #. #....
..........# #.# #
#.#. #....
..........# #.#
#.#.#.###....
............ ...
............
....######### #.#
#....##....
.......# .#
#.....#.###


You could see a sky beast.

Vanquished Creatures
  Terence (D:3)
  2 adders
  A worm (D:2)
  A dart slug (D:3)
  3 ball pythons
  3 endoplasms
  4 giant cockroaches
  5 hobgoblins
  8 jackals
  3 quokkas
  2 bats
  4 frilled lizards
  3 kobolds
  4 rats
44 creatures vanquished.

Notes
Turn   | Place    | Note
-------+----------+-------------------------------------------
     0 | D:1      | Kurtz the Octopode Fighter began the quest for the Orb.
     0 | D:1      | Reached XP level 1. HP: 16/16 MP: 1/1
   154 | D:1      | Reached XP level 2. HP: 21/21 MP: 2/2
   217 | D:1      | Reached skill level 3 in Axes
   964 | D:2      | Reached XP level 3. HP: 20/26 MP: 3/3
  1427 | D:2      | Reached skill level 4 in Axes
  1741 | D:3      | Reached XP level 4. HP: 31/31 MP: 4/4
  1981 | D:3      | Noticed Terence
  1991 | D:3      | Killed Terence
  2122 | D:3      | Noticed a sky beast
  2128 | D:3      | Slain by a sky beast

Illustrated notes

Levels and vault maps discovered:
D:1:      scummos_arrival_simple_crosswalls, layout_loops_ring
D:2:      layout_basic, st_stairs_14, minmay_close_crescents
D:3:      layout_basic, uniq_terence

Skill      XL: |  1  2  3 |
---------------+----------+-----
Axes           | 3 4 |  4.7
Fighting       | |  3.0
Dodging        | |  3.0
Shields        | |  3.0

Action                     |  1- 3 |  4- 6 || total
---------------------------+-------+-------++-------
  Melee: War axe           |    58 |       ||    58
         Constrict         |    19 |     3 ||    22
         Tentacles         |    13 |     9 ||    22
         Whip              |     4 |    22 ||    26
   Stab: Sleeping          |    10 |     3 ||    13
 Armour: Skin              |    21 |     7 ||    28
  Dodge: Dodged            |    34 |     9 ||    43
  Block: Buckler           |     9 |     2 ||    11

Table legend: (Time is in decaauts)
 A = Elapsed time spent in this place.
 B = Non-inter-level travel time spent in this place.
 C = Inter-level travel time spent in this place.
 D = Time resting spent in this place.
 E = Time spent auto-exploring this place.
 F = Levels seen in this place.
 G = Mean time per level.
                   A        B        C        D        E       F      G
               +--------+--------+--------+--------+--------+-----+--------+
         Total |   2151 |   1920 |    231 |     39 |   1593 |   3 |  717.0 |
       Dungeon |   2151 |   1920 |    231 |     39 |   1593 |   3 |  717.0 |
               +--------+--------+--------+--------+--------+-----+--------+

Top non-repeatable levels by time:
     D:1: 946 daAuts
     D:2: 694 daAuts
     D:3: 511 daAuts
